 Dungeon Crawl Stone Soup version 0.31.0-12-g77e489cdc1 (webtiles) character file.

Game seed: 750125720713085264

6418 FinalFate the Basher (level 10, 0/91 HPs)
             Began as a Minotaur Berserker on Feb 28, 2024.
             Was a High Priest of Trog.
             Slain by a blink frog (3 damage)
             ... on level 1 of the Lair of Beasts on Feb 29, 2024.
             The game lasted 00:24:10 (9148 turns).

FinalFate the Basher (Minotaur Berserker)           Turns: 9148, Time: 00:24:10

Health: 0/91       AC: 15    Str: 26    XL:     10   Next: 66%
Magic:  9/9        EV: 11    Int:  4    God:    Trog [*****.]
Gold:   348        SH:  0    Dex: 10    Spells: 9/9 levels left

rFire   + . .        I - +2 flail
rCold   . . .        (no shield)
rNeg    . . .        f - +0 chain mail
rPois   .            (helmet restricted)
rElec   .            H - +0 cloak
rCorr   +            m - +0 pair of gloves
SInv    .            (no boots)
Will    .....        D - amulet of faith Stlth
                     d - ring of resist corrosion
HPRegen 0.35/turn    K - ring of protection from fire
MPRegen 0.11/turn

%: faith
@: lethally poisoned (0 -> 0), marked, on berserk cooldown, slowed, very slow
A: horns 2, retaliatory headbutt
a: Renounce Religion, Berserk, Trog's Hand, Brothers in Arms


You were on level 1 of the Lair of Beasts.
You worshipped Trog.
Trog was extremely pleased with you.
You visited 2 branches of the dungeon, and saw 9 of its levels.
You also visited: Sewer.

You collected 508 gold pieces.
You spent 160 gold pieces at shops.

Inventory:

Hand Weapons
 a - a +0 mace
 F - a +0 flail
 I - a +2 flail (weapon)
Missiles
 L - a throwing net (quivered)
Armour
 b - a +0 animal skin
 f - a +0 chain mail (worn)
 i - a scarf of resistance
 m - a +0 pair of gloves (worn)
 H - a +0 cloak (worn)
 J - an orb of mayhem
Jewellery
 d - a ring of resist corrosion (left hand)
 D - an amulet of faith (around neck)
 K - a ring of protection from fire (right hand)
 Q - a ring of positive energy
Wands
 v - a wand of charming (11)
 w - a wand of flame (60)
 y - a wand of roots (20)
 C - a wand of acid (19)
 M - a wand of polymorph (6)
 P - a wand of digging (7)
Scrolls
 e - 7 scrolls of identify {unknown}
 h - 2 scrolls of enchant weapon {unknown}
 j - 8 scrolls of noise {unknown}
 l - 2 scrolls of vulnerability {unknown}
 n - 2 scrolls of teleportation {unknown}
 o - 2 scrolls of poison {unknown}
 s - 2 scrolls of enchant armour {unknown}
 u - a scroll of brand weapon {unknown}
 x - a scroll of torment {unknown}
 A - a scroll of amnesia {unknown}
 B - a scroll of fear {unknown}
Potions
 c - 2 potions of ambrosia {unknown}
 g - 3 potions of brilliance {unknown}
 k - 2 potions of curing {unknown}
 p - a potion of berserk rage {unknown}
 q - 2 potions of invisibility {unknown}
 r - a potion of experience {unknown}
 t - a potion of mutation {unknown}
 z - a potion of enlightenment {unknown}
 E - a potion of lignification {unknown}
 N - 2 potions of haste {unknown}
 O - a potion of attraction {unknown}
 R - 2 potions of might {unknown}


   Skills:
 * Level 9.5 Fighting
 * Level 12.2 Maces & Flails
 * Level 11.4 Armour
 * Level 6.2 Dodging


You had 9 spell levels left.
You didn't know any spells.
Your spell library was empty.

Dungeon Overview and Level Annotations

Branches:
Dungeon (8/15)             Temple (0/1) D:5            Lair (1/5) D:8
  Sewer (visited)

Altars:
Cheibriados
Elyvilon
Fedhas
Gozag
Hepliaklqana
Kikubaaqudgha
Makhleb
Qazlal
Sif Muna
Xom

Shops:
D:1 ?   D:2 (   D:5 *   D:7 (

Annotations:
Lair:1 Maggie


Innate Abilities, Weirdness & Mutations

You have a pair of horns on your head.
You reflexively headbutt those who attack you in melee.


Message History

The blink frog is severely wounded.
You are no longer berserk.
You are exhausted.
You feel yourself slow down.
* * * LOW HITPOINT WARNING * * *
You feel sick.
The blink frog blinks!
You feel much better.
You feel very sick.
You feel very sick.
The blink frog blinks!
The blink frog hits you but does no damage.
The blink frog closely misses you.
The blink frog blinks!
You see here a black mamba corpse.
You feel sick.
The blink frog blinks!
The blink frog hits you.
* * * LOW HITPOINT WARNING * * *
Maggie mumbles some strange words.
Maggie attempts to bespell you! You resist with almost no effort.
The blink frog closely misses you. You furiously retaliate!
You headbutt the blink frog.
The blink frog hits you but does no damage.
The blink frog hits you!
* * * LOW HITPOINT WARNING * * *
The blink frog hits you but does no damage.
The blink frog hits you.
* * * LOW HITPOINT WARNING * * *
You see here a komodo dragon corpse.
You sock the blink frog! You punch the blink frog.
The blink frog is moderately wounded.
You feel sick.
The blink frog blinks! x5
You hit the blink frog. Your headbutt misses the blink frog.
The blink frog is lightly wounded.
You feel sick. The blink frog hits you.
* * * LOW HITPOINT WARNING * * *
The blink frog blinks! x3
You feel sick.
The blink frog attacks as it pursues you!
The blink frog hits you.
* * * LOW HITPOINT WARNING * * *
The blink frog blinks!
The blink frog hits you.
You die...

.# .. .# .. .. ... ..
.#.####### ..# .........
.## #.....## ..# #...†.#
..... ##..F.# ## .....
#8†@8###~~~ ###.# #...#
#8.F8~~~~≈≈ ~##
###.#.####~..~~≈≈≈≈F
~~####P.#.#~F~~.§≈≈≈≈≈~~
≈~~~~##.~~F~≈§≈..≈≈@~~~.
≈≈≈≈~~~~~≈≈≈≈≈≈..~~~~###
~≈≈≈≈≈≈≈≈≈≈§~~F..~P###
~~~~≈≈≈≈≈~~~~#8..8##
#.#~~~~~~~~...8..8#


You could see Maggie and 5 blink frogs.

Vanquished Creatures
  A black mamba (Lair:1)
  A cane toad (Lair:1)
  Jeremiah (D:8)
  2 komodo dragons (Lair:1)
  3 yaks (D:8)
  3 steam dragons
  2 water moccasins (D:6)
  4 ice beasts
  A black bear (D:6)
  A crocodile (Sewer)
  6 wolves (Lair:1)
  An ogre (D:5)
  2 centaurs
  6 kobold brigands
  A brain worm (Sewer)
  2 bullfrogs
  A gnoll sergeant (D:8)
  2 scorpions (D:6)
  5 wights (D:7)
  9 killer bees
  2 jellies
  2 hounds
  5 orc priests
  2 gnoll boudas
  5 iguanas
  Jessica (D:3)
  Natasha (thrice) (D:3)
  3 sleepcaps
  12 orc wizards
  19 gnolls
  9 adders
  2 shadow imps (D:6)
  3 dart slugs
  3 ribbon worms
  24 orcs
  9 ball pythons
  2 endoplasms
  6 giant cockroaches
  4 goblins
  10 hobgoblins
  A jackal (Sewer)
  14 kobolds
  2 quokkas
  5 bats
  6 frilled lizards
  8 rats
216 creatures vanquished.

Vanquished Creatures (others)
  A gnoll (D:8)
1 creature vanquished.

Grand Total: 217 creatures vanquished

Notes
Turn   | Place    | Note
-------+----------+-------------------------------------------
     0 | D:1      | FinalFate the Minotaur Berserker began the quest for the
                  | Orb.
     0 | D:1      | Reached XP level 1. HP: 19/19 MP: 0/0
    24 | D:1      | Found Ikopeul's Magic Scroll Emporium.
   163 | D:1      | Reached XP level 2. HP: 26/27 MP: 1/1
   407 | D:1      | Reached skill level 4 in Maces & Flails
   827 | D:2      | Found a faded altar of an unknown god.
   910 | D:2      | Found Giwki's Antique Weapon Emporium.
  1044 | D:2      | Found a stormy altar of Qazlal.
  1055 | D:2      | Reached ** piety under Trog
  1056 | D:2      | Reached XP level 3. HP: 30/33 MP: 2/2
  1428 | D:3      | Reached XP level 4. HP: 31/41 MP: 3/3
  1431 | D:3      | Reached skill level 5 in Maces & Flails
  1507 | D:3      | Found an ancient bone altar of Kikubaaqudgha.
  1603 | D:3      | Reached XP level 5. HP: 13/47 MP: 4/4
  1822 | D:3      | Found a glowing drain.
  1852 | Sewer    | Entered a sewer
  1889 | Sewer    | Reached skill level 5 in Fighting
  1907 | Sewer    | Reached XP level 6. HP: 56/56 MP: 5/5
  2011 | Sewer    | Reached skill level 6 in Maces & Flails
  2034 | Sewer    | Reached *** piety under Trog
  2193 | Sewer    | Reached skill level 5 in Armour
  2217 | Sewer    | Reached XP level 7. HP: 51/61 MP: 3/6
  2371 | Sewer    | Reached skill level 7 in Maces & Flails
  2902 | D:3      | Noticed Natasha
  2914 | D:3      | Killed Natasha
  2993 | D:3      | Noticed Natasha
  2998 | D:3      | Killed Natasha
  3102 | D:3      | Noticed Natasha
  3108 | D:3      | Killed Natasha
  3129 | D:3      | Noticed Jessica
  3133 | D:3      | Killed Jessica
  3843 | D:4      | Found a snail-covered altar of Cheibriados.
  4140 | D:4      | Reached skill level 8 in Maces & Flails
  4140 | D:4      | Reached XP level 8. HP: 51/70 MP: 7/7
  4331 | D:4      | Found a hazy altar of Hepliaklqana.
  4378 | D:4      | Found a shimmering blue altar of Sif Muna.
  4670 | D:5      | Entered Level 5 of the Dungeon
  4689 | D:5      | Found Anomen's Assorted Antiques.
  4700 | D:5      | Bought a potion of heal wounds for 160 gold pieces
  5404 | D:5      | Found a staircase to the Ecumenical Temple.
  6035 | D:6      | Reached skill level 9 in Maces & Flails
  6193 | D:6      | Reached **** piety under Trog
  6260 | D:6      | Found a blossoming altar of Fedhas.
  6335 | D:6      | Found a white marble altar of Elyvilon.
  6410 | D:6      | Reached XP level 9. HP: 74/78 MP: 8/8
  6496 | D:6      | Reached skill level 5 in Dodging
  6620 | D:6      | Found an opulent altar of Gozag.
  6916 | D:7      | Reached skill level 10 in Maces & Flails
  6989 | D:7      | Found Ameisei's Weapon Boutique.
  7656 | D:7      | Reached skill level 10 in Armour
  7770 | D:7      | Found a burning altar of Makhleb.
  7804 | D:8      | Noticed Jeremiah
  7822 | D:8      | Killed Jeremiah
  7901 | D:8      | Found a shimmering altar of Xom.
  7914 | D:8      | Reached skill level 11 in Maces & Flails
  7924 | D:8      | Reached XP level 10. HP: 88/88 MP: 9/9
  8159 | D:8      | Found a staircase to the Lair.
  8781 | Lair:1   | Entered Level 1 of the Lair of Beasts
  8809 | Lair:1   | Reached ***** piety under Trog
  9117 | Lair:1   | Noticed a cane toad
  9122 | Lair:1   | Reached skill level 12 in Maces & Flails
  9122 | Lair:1   | Noticed a black mamba
  9128 | Lair:1   | Noticed Maggie
  9129 | Lair:1   | Killed a cane toad
  9141 | Lair:1   | Killed a black mamba
  9148 | Lair:1   | HP: 3/91 [blink frog (2)]
  9148 | Lair:1   | Slain by a blink frog

Illustrated notes

Levels and vault maps discovered:
D:1:      tarquinn_simple_flora_water_d, layout_loops_ring, serial_shops, shop,
          roderic_serpentine_path
D:2:      layout_rooms, basic_altar,
          hellmonk_ecumenical_altar_pennies_from_heaven, serial_shops, shop
D:3:      layout_loops_ring, nicolae_overflow_crystal_walls,
          gup_sewer_entry_glass, minmay_ruptured, uniq_natasha, uniq_jessica
D:4:      layout_basic, slow_altar_1, nicolae_sif_muna_condensation,
          nicolae_hepliaklqana_hippocampus, kennysheep_orc_chapel
D:5:      layout_layer_cave, temple_green, serial_shops, shop,
          chequers_big_river
D:6:      layout_rooms, mainiacjoe_overflow_surrounded_room,
          mainiacjoe_overflow_large_starburst
D:7:      layout_cave_pools, kennysheep_mini_moat, kennysheep_small_square
D:8:      layout_loops_ring, mainiacjoe_overflow_paths, lair_entry_dummy,
          uniq_jeremiah
Lair:1:   wander_river, layout_loops_ring, uniq_maggie

Skill      XL: |  1  2  3  4  5  6  7  8  9 10 |
---------------+-------------------------------+-----
Fighting       | 4 5 6 8 9 |  9.5
Maces & Flails | 4 5 6 8 9 11 12 | 12.2
Armour         | 3 4 5 6 8 10 11 | 11.4
Dodging        | 3 4 5 6 |  6.2

Action                     |  1- 3 |  4- 6 |  7- 9 | 10-12 || total
---------------------------+-------+-------+-------+-------++-------
  Melee: Mace              |    70 |   124 |   327 |       ||   521
         Headbutt          |     7 |    15 |    79 |    22 ||   123
         Punch             |     1 |       |     2 |     1 ||     4
         Flail             |       |       |    69 |   119 ||   188
 Invoke: Berserk           |     1 |       |     6 |     2 ||     9
    Use: Potion            |       |       |     4 |     1 ||     5
   Stab: Sleeping          |     1 |       |       |       ||     1
 Armour: Animal skin       |    15 |       |       |       ||    15
         Chain mail        |    43 |   119 |   393 |   116 ||   671
  Dodge: Dodged            |    37 |    70 |   212 |    92 ||   411
